 Dungeon Crawl Stone Soup version 0.29.0-10-g45618ea6d2 (webtiles) character file.

Game seed: 15773139573677828183

640 howech the Stinger (level 7, -2/41 HPs)
             Began as an Octopode Venom Mage on Sept 1, 2022.
             Was a Follower of Vehumet.
             Killed by divine providence
             ... invoked by an orc priest
              (12 damage)
             ... on level 5 of the Dungeon on Sept 2, 2022.
             The game lasted 00:23:42 (5725 turns).

howech the Stinger (Octopode Venom Mage)            Turns: 5725, Time: 00:23:43

Health: -2/41      AC:  1    Str:  8    XL:     7   Next: 51%
Magic:  6/11       EV: 13    Int: 25    God:    Vehumet [*.....]
Gold:   215        SH:  0    Dex: 12    Spells: 6/12 levels left

rFire   . . .      SeeInvis .   h - +2 dagger (venom)
rCold   . . .      Faith    .   (no shield)
rNeg    + . .      Spirit   .   (helmet restricted)
rPois   .          Reflect  .   (no amulet)
rElec   .          Harm     .   m - ring "Keciypew" {rN+ rCorr}
rCorr   +          Rampage  .   n - +6 ring of intelligence
Will    .....                   (no ring)
Stlth   ++++......              (no ring)
HPRegen 0.13/turn               (no ring)
MPRegen 0.12/turn               (no ring)
                                (no ring)
                                (no ring)

@: no status effects
A: almost no armour, amphibious, 8 rings, camouflage 1, gelatinous body 1,
(nimble swimmer 1), tentacles
a: Renounce Religion


You were on level 5 of the Dungeon.
You worshipped Vehumet.
Vehumet was aware of your devotion.
You visited 2 branches of the dungeon, and saw 6 of its levels.

You collected 215 gold pieces.

Inventory:

Hand Weapons
 f - a +1 dagger of venom
 h - a +2 dagger of venom (weapon)
 r - a +1 whip of pain
Jewellery
 j - a ring of ice
 m - the ring "Keciypew" (left tentacle) {rN+ rCorr}
   (You found it on level 3 of the Dungeon)

   [ring of resist corrosion]

   rN:        It protects you from negative energy.
   rCorr:     It protects you from acid and corrosion.
 n - a +6 ring of intelligence (right tentacle)
Wands
 i - a wand of digging (6)
 q - a wand of polymorph (8)
Scrolls
 d - a scroll of enchant armour
 p - a scroll of fear
 s - a scroll of teleportation
Potions
 a - 4 potions of magic
 b - a potion of curing
 c - a potion of haste
 e - a potion of degeneration {unknown}
 g - a potion of brilliance {unknown}
 k - 2 potions of mutation {unknown}
 l - a potion of attraction {unknown}
 o - 4 potions of berserk rage


   Skills:
 + Level 2.0 Short Blades
 + Level 3.2 Dodging
 + Level 4.6 Stealth
 + Level 2.1 Unarmed Combat
 + Level 3.1 Spellcasting
 + Level 2.7 Transmutations
 + Level 1.4 Air Magic
 * Level 5.8 Poison Magic
 + Level 1.4 Evocations


You had 6 spell levels left.
You knew the following spells:

 Your Spells              Type           Power      Damage    Failure   Level
a - Sting                 Tmut/Pois      100%       1d8       1%          1
b - Poisonous Vapours     Pois/Air       44%        N/A       3%          2
c - Mephitic Cloud        Conj/Pois/Air  16%        N/A       11%         3

Your spell library contained the following spells:

 Spells                   Type           Power      Damage    Failure   Level
 Freeze                   Ice            12%        1d4       10%         1
 Passwall                 Tmut/Erth      8%         N/A       9%          2
 Olgreb's Toxic Radiance  Pois           33%        N/A       9%          4
 Apportation              Tloc           6%         N/A       10%         1
 Necrotise                Necr           12%        1d4       10%         1
 Sandblast                Erth           6%         2d5       10%         1
 Summon Small Mammal      Summ           12%        N/A       10%         1
 Stone Arrow              Conj/Erth      6%         3d7       30%         3


Dungeon Overview and Level Annotations

Branches:
Dungeon (5/15)             Temple (1/1) D:5

Altars:
Ashenzari
Cheibriados
Dithmenos
Fedhas
Gozag
Makhleb
Qazlal
Ru
Sif Muna
Trog
Vehumet
Wu Jian
Xom
Yredelemnul
The Shining One


Innate Abilities, Weirdness & Mutations

You cannot wear most types of armour.
You are amphibious.
You can wear up to eight rings at the same time.
Your skin changes colour to match your surroundings (Stealth+).
Your rubbery body absorbs attacks. (AC +1, EV +1)
((You are camouflaged when in or above water. (Stealth+)))
You have tentacles for arms and can constrict up to eight enemies at once.


Message History

You constrict the orc priest.
The orc priest calls upon Beogh to heal the orc priest.
The orc priest is healed somewhat.
The orc barely misses you. The orc priest completely misses you.
You release your grip on the orc priest.
The orc priest attacks as you move away!
The orc priest hits you with a +0 hand axe!
The orc attacks as you move away! The orc hits you with a +0 short sword.
The orc attacks as you move away! The orc hits you with a +0 short sword.
The orc priest attacks as you move away!
The orc priest misses you.
The orc priest looks more healthy.
The orc priest invokes the aid of Beogh against you.
Beogh smites you! The orc barely misses you.
Aiming: Poisonous Vapours (safe; 3% risk of failure)
Press: ? - help, Q - select action, (/) - cycle Dir - move target, f/p - orc priest
Aim: an orc priest, wielding a +0 hand axe and wearing a +0 ring mail (moderately wounded, poisoned) Poisonous vapours surround the orc priest!
The orc priest looks even sicker.
The orc hits you with a +0 dagger.
You hit the orc.
The orc is poisoned.
You grab the orc.
The orc is moderately wounded.
You constrict the orc. The orc barely misses you.
You release your grip on the orc.
The orc attacks as you move away! The orc barely misses you.
The orc hits you with a +0 short sword.
* * * LOW HITPOINT WARNING * * *
The orc priest looks encouraged for a moment.
The orc attacks as you move away! The orc hits you with a +0 dagger.
* * * LOW HITPOINT WARNING * * *
You feel better.
You barely miss the orc. You grab the orc. You constrict the orc.
The orc hits you with a +0 dagger.
* * * LOW HITPOINT WARNING * * *
The orc barely misses you.
Unknown command.
You release your grip on the orc.
The orc barely misses you.
The orc priest calls upon Beogh to heal the orc.
The orc's wounds heal themselves!
The orc priest calls down the wrath of Beogh upon you.
Beogh smites you!
You die...

#....)......##
+.........[..#
+.........<..#
#......##....######
#...#####...........###
#... ##o............##
#...
##..o............## ..
##.oo..............#
#..@...............#
##...................
#....................
#...........†........
#................~~~.
#...............~§§~~
#..............~~~§§§
#..............§~~>~§
#..............~§~§§~


You could see 2 orc priests and 2 orcs.

Vanquished Creatures
  Sigmund (D:4)
  A black bear (D:4)
  A necrophage (D:4)
  A jelly (D:4)
  A hound (D:4)
  2 iguanas
  Jessica (D:2)
  4 adders
  A shadow imp (D:5)
  An ufetubus (D:4)
  3 worms (D:4)
  4 dart slugs
  3 orcs
  11 ball pythons
  7 endoplasms
  8 giant cockroaches
  11 goblins
  7 hobgoblins
  14 jackals
  8 kobolds
  4 quokkas
  6 bats
  7 frilled lizards
  8 rats
115 creatures vanquished.

Vanquished Creatures (others)
  12 plants
12 creatures vanquished.

Grand Total: 127 creatures vanquished

Notes
Turn   | Place    | Note
-------+----------+-------------------------------------------
     0 | D:1      | howech the Octopode Venom Mage began the quest for the Orb.
     0 | D:1      | Reached XP level 1. HP: 11/11 MP: 3/3
   355 | D:1      | Reached XP level 2. HP: 17/17 MP: 1/5
   873 | D:1      | Reached XP level 3. HP: 20/21 MP: 4/6
   908 | D:1      | Learned a level 2 spell: Poisonous Vapours
   996 | D:1      | Reached skill level 4 in Poison Magic
  1168 | D:1      | Found a faded altar of an unknown god.
  1490 | D:2      | Reached XP level 4. HP: 27/27 MP: 7/7
  1910 | D:2      | Noticed Jessica
  1916 | D:2      | Killed Jessica
  2042 | D:2      | Reached skill level 1 in Unarmed Combat
  2345 | D:3      | Found a blossoming altar of Fedhas.
  2408 | D:3      | Reached skill level 1 in Short Blades
  2408 | D:3      | Reached XP level 5. HP: 31/31 MP: 3/8
  2454 | D:3      | Found a radiant altar of Vehumet.
  2468 | D:3      | Became a worshipper of Vehumet
  2960 | D:3      | Identified the ring "Keciypew" {rN+ rCorr}
  3618 | D:4      | Reached * piety under Vehumet
  3618 | D:4      | Offered knowledge of Freeze by Vehumet.
  3856 | D:4      | Reached skill level 5 in Poison Magic
  3856 | D:4      | Reached XP level 6. HP: 18/36 MP: 10/10
  3860 | D:4      | Learned a level 3 spell: Mephitic Cloud
  4026 | D:4      | Noticed a black bear
  4054 | D:4      | Killed a black bear
  4256 | D:4      | Reached skill level 1 in Air Magic
  4256 | D:4      | Reached skill level 1 in Evocations
  4256 | D:4      | Reached XP level 7. HP: 23/41 MP: 11/11
  4634 | D:4      | Noticed Sigmund
  4667 | D:4      | Killed Sigmund
  5372 | D:5      | Entered Level 5 of the Dungeon
  5402 | D:5      | Found a staircase to the Ecumenical Temple.
  5411 | Temple   | Entered the Ecumenical Temple
  5725 | D:5      | Killed from afar by an orc priest

Illustrated notes

Levels and vault maps discovered:
D:1:      erik_arrival_triangle_small, layout_loops_ring,
          hellmonk_ecumenical_altar_lost_god, minmay_lizard_king
D:2:      layout_loops_corners, uniq_jessica
D:3:      layout_basic, fedhas_ov_isle_minmay,
          mainiacjoe_overflow_six_doors_small, minmay_quantized
D:4:      layout_cave_pods, amcnicky_mini_pool_small, minmay_quadrilaterals,
          uniq_sigmund
D:5:      kennysheep_big_flooded_room, layout_layer_cave,
          minmay_temple_entry_mist, kennysheep_windowed_goal, uniq_grinder
Temple:   oiseaux_autumnal_temple

Skill      XL: |  1  2  3  4  5  6  7 |
---------------+----------------------+-----
Stealth        | 3 4 |  4.6
Poison Magic   | 4 5 |  5.8
Unarmed Combat | 1 2 |  2.1
Short Blades   | 1 2 |  2.0
Transmutations | 2 |  2.7
Dodging        | 3 |  3.2
Spellcasting   | 3 |  3.1
Air Magic      | 1 |  1.4
Evocations     | 1 |  1.4

Action                   |  1- 3 |  4- 6 |  7- 9 || total
-------------------------+-------+-------+-------++-------
Melee: Dagger            |    51 |   102 |    19 ||   172
       Tentacles         |     9 |    23 |     4 ||    36
       Constrict         |     9 |    27 |     8 ||    44
       Punch             |       |     1 |       ||     1
 Cast: Sting             |    22 |       |       ||    22
       Poisonous Vapours |       |    30 |    20 ||    50
  Use: Scroll            |       |     9 |     1 ||    10
       Potion            |       |     1 |     4 ||     5
 Stab: Sleeping          |     8 |     5 |     1 ||    14
       Distracted        |       |     1 |       ||     1
Armor: Skin              |     4 |     8 |     1 ||    13
Dodge: Dodged            |    29 |    53 |    15 ||    97
